 Dungeon Crawl Stone Soup version 0.30-a0-777-ga9a30cbeda (webtiles) character file.

Game seed: 13836503085351705168

2785 Pooter the Cleaver (level 9, -10/121 HPs)
             Began as a Minotaur Berserker on Feb 13, 2023.
             Was an Elder of Trog.
             Mangled by an orc
             ... wielding a +0 trident
              (11 damage)
             ... in a bailey.
             The game lasted 00:28:07 (5560 turns).

Pooter the Cleaver (Minotaur Berserker)             Turns: 5560, Time: 00:28:07

Health: -10/121    AC:  9    Str: 30    XL:     9   Next: 43%
Magic:  8/8        EV: 11    Int:  4    God:    Trog [****..]
Gold:   229        SH:  0    Dex: 11    Spells: 8/8 levels left

rFire   . . .      SeeInvis .    a - +0 dire flail
rCold   . . .      Faith    .    (shield currently unavailable)
rNeg    . . .      Spirit   .    v - +1 ring mail "Bidep" {rElec Str+5}
rPois   .          Reflect  .    (helmet restricted)
rElec   +          Harm     .    (no cloak)
rCorr   .          Rampage  .    i - +2 pair of gloves
Will    +....                    (no boots) Stlth
                                 (no amulet)
HPRegen 0.40/turn                m - ring of willpower
MPRegen 0.11/turn                (no ring)

@: berserking (expiring), very quick
A: horns 2, retaliatory headbutt
a: Renounce Religion, Berserk, Trog's Hand, Brothers in Arms


You were in a bailey.
You worshipped Trog.
Trog was greatly pleased with you.
You visited 1 branch of the dungeon, and saw 7 of its levels.
You also visited: Bailey.

You collected 328 gold pieces.
You spent 99 gold pieces at shops.

Inventory:

Hand Weapons
 a - a +0 dire flail (weapon)
   (You took it off Blork the orc on level 4 of the Dungeon)
 b - a +0 sling
   (You found it on level 2 of the Dungeon)
 k - a +3 halberd
   (You took it off an orc in a bailey)
 r - a +0 flail
   (You found it on level 2 of the Dungeon)
 s - a +2 vampiric trident
   (You took it off an orc on level 3 of the Dungeon)
 I - a +0 war axe
   (You took it off an orc in a bailey)
Missiles
 e - 4 javelins (quivered)
 o - 6 poisoned darts
 Q - 48 stones
Armour
 i - a +2 pair of gloves (worn)
   (You found it on level 7 of the Dungeon)
 l - a +1 ring mail of cold resistance
   (You found it on level 2 of the Dungeon)
 v - the +1 ring mail "Bidep" (worn) {rElec Str+5}
   (You found it on level 5 of the Dungeon)

   Str:       It affects your strength (+5).
   rElec:     It insulates you from electricity.
 B - a +0 chain mail
   (You found it on level 6 of the Dungeon)
Jewellery
 m - a ring of willpower (left hand)
   (You found it on level 2 of the Dungeon)
Wands
 d - a wand of iceblast (9)
   (You found it on level 5 of the Dungeon)
 f - a wand of flame (31)
   (You found it on level 3 of the Dungeon)
 y - a wand of mindburst (9)
   (You found it on level 5 of the Dungeon)
 H - a wand of charming (6)
   (You found it on level 7 of the Dungeon)
Scrolls
 h - a scroll of blinking
 j - a scroll of fear
 t - 2 scrolls of teleportation {@r4}
 A - a scroll of summoning {unknown}
 D - a scroll of enchant armour {unknown}
 E - a scroll of noise {!r}
 F - a scroll of poison {unknown}
 G - 2 scrolls of fog {unknown}
Potions
 c - a potion of attraction {unknown}
 g - 5 potions of heal wounds {@q2}
 n - a potion of might {unknown}
 p - 2 potions of curing {unknown}
 q - 3 potions of mutation {unknown}
 u - a potion of magic {unknown}
 w - 2 potions of degeneration {unknown}
 x - 3 potions of flight {unknown}
 z - 2 potions of cancellation {unknown}
 C - 2 potions of invisibility {unknown}
 J - 2 potions of brilliance {unknown}
 K - 2 potions of haste {@q3}


   Skills:
 + Level 7.8 Fighting
 + Level 9.2(9.7) Axes
 * Level 4.9(7.7) Maces & Flails
 * Level 8.5 Ranged Weapons
 - Level 2.4 Armour
 - Level 2.1 Dodging
 + Level 2.0 Evocations


You had 8 spell levels left.
You didn't know any spells.
Your spell library was empty.

Dungeon Overview and Level Annotations

Branches:
Dungeon (7/15)             Temple (0/1) D:6          Bailey (1/1)

Altars:
Cheibriados
Elyvilon
Gozag
Kikubaaqudgha
Trog
Zin

Shops:
D:6 *

Annotations:
D:3 2 transporters, Juicyj's ghost, amateur MiFi


Innate Abilities, Weirdness & Mutations

You have a pair of horns on your head.
You reflexively headbutt those who attack you in melee.


Message History

The orc warrior barely misses you.
Aim: an orc, wielding a +0 trident (chance to affect: 86%)
The orc knight resists with significant effort.
The orc hits you but does no damage. The orc warrior barely misses you.
The orc knight hits you from afar with a +0 glaive.
Aim: an orc warrior, wielding a +0 halberd (chance to affect: 54%)
The orc warrior resists with significant effort.
The orc barely misses you. You furiously retaliate!
You headbutt the orc. The orc warrior barely misses you.
The orc knight misses you.
A red film seems to cover your vision as you go berserk!
You feel yourself moving faster!
You feel mighty! The orc closely misses you.
The orc warrior hits you from afar with a +0 halberd.
The orc hits you but does no damage.
The orc knight hits you but does no damage.
You feel a strong urge to attack something.
There is an open gate here.
You barely miss the orc knight. You headbutt the orc knight!
The orc warrior hits you with a +0 halberd.
The orc barely misses you.
The orc knight hits you with a +0 glaive.
You closely miss the orc knight. You bludgeon the orc knight!!
The orc closely misses you.
The orc warrior hits you with a +0 halberd!
The orc closely misses you.
The orc knight roars a battlecry!
The orcs go into a battle-frenzy!
You barely miss the orc knight. Your headbutt misses the orc knight.
The orc completely misses you.
The orc warrior hits you with a +0 halberd.
The orc barely misses you.
The orc knight hits you with a +0 glaive!
* * * LOW HITPOINT WARNING * * *
You closely miss the orc knight. Your headbutt misses the orc knight.
You barely miss the orc knight. The orc hits you with a +0 hand axe!
* * * LOW HITPOINT WARNING * * *
The orc warrior hits you with a +0 halberd!
* * * LOW HITPOINT WARNING * * *
The orc closely misses you. The orc knight barely misses you.
You closely miss the orc knight. Your headbutt misses the orc knight.
The orc hits you with a +0 hand axe!
* * * LOW HITPOINT WARNING * * *
The orc warrior closely misses you. The orc misses you.
The orc knight hits you with a +0 glaive!
* * * LOW HITPOINT WARNING * * *
You closely miss the orc knight. You headbutt the orc knight!
You barely miss the orc knight. The orc hits you but does no damage.
The orc warrior hits you with a +0 halberd!
* * * LOW HITPOINT WARNING * * *
The orc hits you from afar with a +0 trident!
You die...

##. ...#
#...(...#
#...)...#
#.......#
#..#.#..#
#...)...#
#o)oo.#
##@o'##
#.....#
#.....#
#.....#
#.....#
#.....#
##'''##
##.....##
#.......#


You could see an orc knight, an orc warrior (strong) and 2 orcs.

Vanquished Creatures
  Pikel (D:4)
  Grinder (D:4)
  2 orc warriors (Bailey)
  2 black bears
  A phantom (D:6)
  A bullfrog (D:7)
  A gnoll sergeant (D:6)
  Blork the orc (D:4)
  2 necrophages (D:4)
  4 scorpions
  2 water moccasin zombies (D:4)
  A wight (D:4)
  2 howler monkeys (D:6)
  2 vampire bats (D:4)
  A centaur zombie (D:4)
  6 hounds
  An orc priest (D:6)
  A bullfrog zombie (D:4)
  A human zombie (D:4)
  2 jellies
  Jessica (D:3)
  4 iguanas
  An orc wizard (D:6)
  3 mummies (D:4)
  3 adders
  12 gnolls
  A shadow imp (D:3)
  2 white imps
  An adder zombie (D:4)
  A worm (D:3)
  25 orcs
  12 ball pythons
  11 bats
  4 endoplasms
  A giant cockroach (D:2)
  5 goblins
  7 hobgoblins
  9 jackals
  4 quokkas
  9 frilled lizards (D:1)
  6 kobolds
  2 rats
159 creatures vanquished.

Vanquished Creatures (others)
  3 fungi (D:6)
  6 plants (D:1)
9 creatures vanquished.

Grand Total: 168 creatures vanquished

Notes
Turn   | Place    | Note
-------+----------+-------------------------------------------
     0 | D:1      | Pooter the Minotaur Berserker began the quest for the Orb.
     0 | D:1      | Reached XP level 1. HP: 19/19 MP: 0/0
    99 | D:1      | Reached skill level 4 in Axes
   112 | D:1      | Reached XP level 2. HP: 22/27 MP: 1/1
   243 | D:1      | Reached ** piety under Trog
   733 | D:2      | Reached XP level 3. HP: 32/33 MP: 2/2
  1324 | D:3      | Noticed Juicyj's ghost (amateur MiFi)
  1324 | D:3      | Noticed Jessica
  1324 | D:3      | Found a transporter.
  1328 | D:3      | Killed Jessica
  1329 | D:3      | Reached skill level 5 in Axes
  1329 | D:3      | Reached skill level 1 in Ranged Weapons
  1350 | D:3      | Reached XP level 4. HP: 16/41 MP: 3/3
  1473 | D:3      | Found a transporter.
  1789 | D:3      | Reached XP level 5. HP: 47/47 MP: 4/4
  2018 | D:3      | Found a snail-covered altar of Cheibriados.
  2078 | D:3      | Found a bloodstained altar of Trog.
  2181 | D:4      | Reached *** piety under Trog
  2189 | D:4      | Reached skill level 6 in Axes
  2215 | D:4      | Noticed Blork the orc
  2220 | D:4      | Killed Blork the orc
  2221 | D:4      | Reached skill level 5 in Fighting
  2221 | D:4      | Reached XP level 6. HP: 54/56 MP: 5/5
  2273 | D:4      | Found a glowing silver altar of Zin.
  2327 | D:4      | Noticed Grinder
  2353 | D:4      | Paralysed by Grinder for 2 turns
  2363 | D:4      | Killed Grinder
  2364 | D:4      | Reached skill level 7 in Axes
  2364 | D:4      | Reached XP level 7. HP: 61/61 MP: 6/6
  2395 | D:4      | Noticed Pikel
  2403 | D:4      | Killed Pikel
  2404 | D:4      | Reached skill level 8 in Axes
  2404 | D:4      | Reached skill level 5 in Ranged Weapons
  2627 | D:4      | Reached XP level 8. HP: 63/70 MP: 7/7
  2852 | D:4      | Found an ancient bone altar of Kikubaaqudgha.
  3051 | D:5      | Entered Level 5 of the Dungeon
  3071 | D:5      | Reached skill level 9 in Axes
  3328 | D:5      | Reached skill level 1 in Maces & Flails
  3341 | D:5      | Identified the +1 ring mail "Bidep" {rElec Str+5}
  4105 | D:6      | Found a staircase to the Ecumenical Temple.
  4132 | D:6      | Found an opulent altar of Gozag.
  4281 | D:6      | Reached XP level 9. HP: 70/79 MP: 8/8
  4350 | D:6      | Found Ojapnin's Assorted Antiques.
  4393 | D:6      | Bought a cyan potion for 18 gold pieces
  4393 | D:6      | Bought a green potion for 18 gold pieces
  4393 | D:6      | Bought a scroll labelled DAKHLA WACYPOH for 21 gold pieces
  4393 | D:6      | Bought a scroll labelled WUR SAECAURUY for 21 gold pieces
  4393 | D:6      | Bought a scroll labelled VOAMEFF VOVI for 21 gold pieces
  4410 | D:6      | Reached skill level 1 in Evocations
  4436 | D:6      | Found a white marble altar of Elyvilon.
  5322 | D:7      | Found a flagged portal.
  5340 | Bailey   | Entered a bailey
  5542 | Bailey   | Noticed an orc knight
  5545 | Bailey   | Reached **** piety under Trog
  5560 | Bailey   | HP: 1/121 [orc warrior/+0 halberd (17)]
  5560 | Bailey   | Mangled by an orc

Illustrated notes

Levels and vault maps discovered:
D:1:      saegor_arrival_simple_b, layout_rooms, minmay_misc_feat_roman,
          ebering_dispersal_statue_hall, minmay_lizard_king
D:2:      layout_basic
D:3:      layout_loops_cross, cheibriados_altar_1, trog_book,
          gammafunk_ghost_arena, uniq_jessica
D:4:      layout_rooms, kennysheep_mini_moat,
          lemuel_mausoleum_altar_kikubaaqudgha, roderic_batcave,
          interstate_on_off, uniq_pikel, uniq_blork_the_orc, uniq_grinder
D:5:      layout_basic
D:6:      layout_loops_corners, grunt_gozag_statues,
          mainiacjoe_overflow_small_starburst, minmay_temple_entry_mist,
          serial_shops, nicolae_shop_waterfront, dreamdust_gnoll_farm
D:7:      layout_gridville, enter_bailey_5, serial_shops, nicolae_shop_crystal,
          nicolae_take_the_stairs, shop,
          hellmonk_guarded_unrand_vitality_bloodlust
Bailey:   bailey_polearm_5, bailey

Skill      XL: |  1  2  3  4  5  6  7  8  9 |
---------------+----------------------------+-----
Axes           | 4 5 6 7 8 9 |  9.2
Fighting       | 4 5 6 7 |  7.8
Ranged Weapons | 1 2 3 4 5 7 8 |  8.5
Maces & Flails | 3 4 |  4.9
Evocations     | 2 |  2.0
Armour         | |  2.4
Dodging        | |  2.1

Action                     |  1- 3 |  4- 6 |  7- 9 || total
---------------------------+-------+-------+-------++-------
  Melee: Hand axe          |    41 |       |       ||    41
         Headbutt          |    10 |     8 |    35 ||    53
         Flail             |    21 |    34 |       ||    55
         Punch             |     1 |     1 |       ||     2
         Trident           |       |    15 |       ||    15
         Dire flail        |       |    10 |   159 ||   169
   Fire: Sling             |     7 |    34 |    48 ||    89
  Throw: Javelin           |       |     4 |    30 ||    34
         Dart              |       |       |     3 ||     3
 Invoke: Berserk           |     1 |     2 |     5 ||     8
         Trog's Hand       |       |     1 |     2 ||     3
  Evoke: Wand              |       |     5 |    10 ||    15
    Use: Scroll            |     1 |     3 |     2 ||     6
 Armour: Scale mail        |    24 |       |       ||    24
         Ring mail         |     1 |    22 |    48 ||    71
  Dodge: Dodged            |    28 |    48 |   109 ||   185

Table legend: (Time is in decaauts)
 A = Elapsed time spent in this place.
 B = Non-inter-level travel time spent in this place.
 C = Inter-level travel time spent in this place.
 D = Time resting spent in this place.
 E = Time spent auto-exploring this place.
 F = Levels seen in this place.
 G = Mean time per level.
                   A        B        C        D        E       F      G
               +--------+--------+--------+--------+--------+-----+--------+
         Total |   5654 |   5527 |    127 |    819 |   3581 |   8 |  706.8 |
       Dungeon |   5415 |   5288 |    127 |    715 |   3581 |   7 |  773.6 |
        Bailey |    239 |    239 |      0 |    104 |      0 |   1 |  239.0 |
               +--------+--------+--------+--------+--------+-----+--------+

Top non-repeatable levels by time:
     D:6: 1214 daAuts
     D:5: 1020 daAuts
     D:4: 932 daAuts
     D:3: 861 daAuts
     D:2: 781 daAuts
     D:1: 547 daAuts
  Bailey: 239 daAuts
     D:7: 57 daAuts
